[Event "Early-Titled-Tuesday-Blitz-November-28-2023"]
[Site "Chess.com"]
[Date "2023.11.28"]
[Round "7"]
[White "K_A_S_T_O_R"]
[Black "Firouzja2003"]
[Result "0-1"]
[WhiteElo "2853"]
[BlackElo "3051"]
[TimeControl "180+1"]
[EndTime "9:24:38 PST"]
[Termination "Firouzja2003 won by resignation"]

1. e4 e6 2. d4 d5 3. Nc3 Nf6 4. e5 Nfd7 5. Nce2 c5 6. c3 Nc6 7. f4 b5 8. a3 a5 9. Nf3 Ba6 10. f5 exf5 11. Nf4 Nb6 12. Bd3 g6 13. h4 c4 14. Bb1 Bc8 15. Kf2 Be7 16. g3 Be6 17.
Nh3 h6 18. Be3 Kd7 19. Qd2 Qf8 20. Bc2 Kc7 21. Kg2 b4 22. axb4 axb4 23. Rxa8 Qxa8 24. Bxh6 Qa2 25. Bb1 Qb3 26. Bg5 Bxg5 27. Nhxg5 Ra8 28. h5 gxh5 29. Nxe6+ fxe6 30. Ng5 Nd8 31. Kh3 bxc3 32. bxc3 Ra3 33. Rc1 Na4 34. Nxe6+ Nxe6 35. Bxf5 Nxc3 36. Bxe6 Ne2 37. Qg5 Qxg3+ 38. Qxg3 Rxg3+ 39. Kh4 Nxc1 40. Kxg3 c3 41. Bf5 Ne2+ 42. Kf2 Nxd4 43. Bd3 c2 44. Bxc2 Nxc2 0-1

[Event "Early-Titled-Tuesday-Blitz-November-28-2023"]
[Site "Chess.com"]
[Date "2023.11.28"]
[Round "7"]
[White "ural58"]
[Black "Goryachkina"]
[Result "0-1"]
[WhiteElo "2463"]
[BlackElo "2615"]
[TimeControl "180+1"]
[EndTime "9:24:38 PST"]
[Termination "Goryachkina won by resignation"]

1. e4 c5 2. b3 g6 3. Bb2 Nf6 4. e5 Nd5 5. Nc3 Nxc3 6. dxc3 d5 7.
exd6 Qxd6 8. Qxd6 exd6 9. O-O-O Nc6 10. c4 Rg8 11. Ne2 Be6 12. g3 O-O-O 13. Bg2 Bh6+ 14. Kb1 Rge8 15. Rhe1 Bf5 16. Bf6 Nb4 17. Kb2 Bxc2 18. Ra1 Bf5 19. Bxd8 Nd3+ 20. Kc3 Nxe1 21. Rxe1 Rxd8 22.
Nf4 Bxf4 23. gxf4 Be6 24. Be4 b6 25. f5 gxf5 26. Bd3 Rg8 27. Re3 Rg2 28. Rh3 Rxf2 29. Rxh7 Rxa2 30. Bc2 Ra1 31. h4 Rh1 32. h5 Rh3+ 33.
Kd2 Rh2+ 34. Kd1 f4 35. Be4 Bg4+ 36. Kc1 f5 37. Rh8+ Kd7 38. Bb7 Rxh5 39. Ra8 f3 40. Kd2 Rh2+ 41. Ke3 Re2+ 42. Kd3 f2 43. Rxa7 Re1 44.
Bd5+ Kd8 45. Ra8+ Ke7 0-1

[Event "Early-Titled-Tuesday-Blitz-November-28-2023"]
[Site "Chess.com"]
[Date "2023.11.28"]
[Round "7"]
[White "FARIZA2018"]
[Black "Andrei_Skvortsov"]
[Result "0-1"]
[WhiteElo "2534"]
[BlackElo "2732"]
[TimeControl "180+1"]
[EndTime "9:24:39 PST"]
[Termination "Andrei_Skvortsov won on time"]

1. e4 e6 2. d4 d5 3. Nd2 c5 4.
exd5 Qxd5 5. Ngf3 cxd4 6. Bc4 Qd7 7. O-O Nc6 8. Nb3 Nf6 9. Nbxd4 Bd6 10. Bg5 O-O 11. Re1 Nd5 12. Bxd5 exd5 13. Qd2 a6 14. c3 Qc7 15. h3 Bd7 16. Rad1 Rfe8 17. Nc2 h6 18. Be3 Ne7 19. Nb4 Bxb4 20. cxb4 Nf5 21. Bf4 Rxe1+ 22. Rxe1 Qc4 23. Ne5 Qb5 24. b3 Be6 25. a4 Qb6 26. Nd3 Nh4 27. Nc5 Bxh3 28. Bg3 Qg6 29. Qxd5 Bxg2 30. Qd7 Bc6 31. Qd1 Nf3+ 32.
Kf1 Qh5 0-1

[Event "Early-Titled-Tuesday-Blitz-November-28-2023"]
[Site "Chess.com"]
[Date "2023.11.28"]
[Round "7"]
[White "Alexei_Gubajdullin"]
[Black "ozen_metehan"]
[Result "1-0"]
[WhiteElo "2677"]
[BlackElo "2442"]
[TimeControl "180+1"]
[EndTime "9:24:41 PST"]
[Termination "Alexei_Gubajdullin won by resignation"]

1. d4 Nf6 2. Nf3 e6 3. Bf4 d5 4.
e3 Bd6 5. Bg3 c5 6. Nbd2 Qc7 7.
c3 Nbd7 8. Bb5 O-O 9. Bxd7 Nxd7 10. O-O Bxg3 11. hxg3 e5 12. Nxe5 Nxe5 13. dxe5 Qxe5 14. Nf3 Qh5 15. Qb3 Bg4 16. Nh2 Be2 17. Rfe1 b6 18. Qa3 Bb5 19. b4 Rfc8 20. bxc5 Rxc5 21. Nf3 Qg6 22.
Nd4 Bc4 23. Qb4 a5 24. Qb2 b5 25. a4 bxa4 26. Rxa4 Qd6 27. Rea1 g6 28. Qb7 Rb8 29. Qa7 Rb2 30. Rxa5 Rxa5 31. Qxa5 Qf6 32. Nf3 Rc2 33. Rb1 Rxc3 34. Rb8+ Kg7 35. Qc5 Rc1+ 36. Kh2 g5 37. Qf8+ Kg6 38. Rd8 Qg7 39. Rd6+ f6 40. Ne5+ 1-0

[Event "Early-Titled-Tuesday-Blitz-November-28-2023"]
[Site "Chess.com"]
[Date "2023.11.28"]
[Round "7"]
[White "SharapovEvgeny"]
[Black "Kovalyov_Eduard"]
[Result "0-1"]
[WhiteElo "2589"]
[BlackElo "2472"]
[TimeControl "180+1"]
[EndTime "9:24:43 PST"]
[Termination "Kovalyov_Eduard won by resignation"]

1. e4 e5 2. Nf3 Nc6 3. Bb5 a6 4. Ba4 Nf6 5. d3 b5 6. Bb3 Bc5 7. O-O O-O 8. Nxe5 Nxe5 9. d4 d6 10.
dxc5 dxc5 11. Qxd8 Rxd8 12. Bf4 Re8 13. c3 Nd3 14. Bxc7 Nxb2 15. f3 Be6 16. Bxe6 Rxe6 17. Nd2 Rc8 18. Bf4 Na4 19. c4 b4 20. Nb3 Nd7 21. Rfd1 Ndb6 22. Na5 Nc3 23. Rd2 h6 24. Kf2 g5 25. Be3 Kg7 26. Rc1 Kg6 27. g4 Rf6 28. Kg3 Re6 29. Rcc2 Kf6 30. h4 Kg6 31. hxg5 hxg5 32.
Rh2 f6 33. Nb3 Nxc4 34. Bxc5 a5 35. Bd4 Nb5 36. Ba1 a4 37. Na5 Nba3 38. Nxc4 Nxc2 39. Rxc2 Rec6 40. Rd2 Rxc4 41. Rd6 R8c6 42. Rd7 Rc1 43. Bd4 Rd1 44. Rd5 Rc4 0-1

[Event "Early-Titled-Tuesday-Blitz-November-28-2023"]
[Site "Chess.com"]
[Date "2023.11.28"]
[Round "7"]
[White "Casper"]
[Black "alvarorodriguezavila"]
[Result "1-0"]
[WhiteElo "2414"]
[BlackElo "2228"]
[TimeControl "180+1"]
[EndTime "9:24:43 PST"]
[Termination "Casper won by resignation"]

1. d4 Nf6 2. Bf4 d5 3. Nd2 c5 4. dxc5 Nc6 5. Ngf3 e6 6. e3 Bxc5 7. Bd3 O-O 8. c4 Re8 9. Ne5 Bd6 10. Nxc6 bxc6 11. Bxd6 Qxd6 12. cxd5 cxd5 13. O-O Bd7 14. Rc1 Rab8 15. b3 Rec8 16. Qe2 a5 17. e4 dxe4 18. Nxe4 Nxe4 19. Qxe4 g6 20. Bc4 Bc6 21. Qe3 Rd8 22.
h4 Rbc8 23. h5 Qd4 24. Qg5 Qe4 25. Rc3 Qf5 26. Qxf5 gxf5 27. Rfc1 Be8 28. h6 Rd4 29. Bb5 Rxc3 30. Rxc3 Rd8 31. Rg3+ Kf8 32. Bxe8 Rxe8 33. Rg7 Ke7 34. Rxh7 Kf6 35. f4 Kg6 36. Rg7+ Kxh6 37. Rxf7 Rc8 38. Rf6+ Kg7 39. Rxe6 Rc1+ 40. Kf2 Rc2+ 41.
Re2 Rxa2 42. Rxa2 1-0

[Event "Early-Titled-Tuesday-Blitz-November-28-2023"]
[Site "Chess.com"]
[Date "2023.11.28"]
[Round "7"]
[White "snowlord"]
[Black "Aradhya2000"]
[Result "0-1"]
[WhiteElo "2865"]
[BlackElo "2720"]
[TimeControl "180+1"]
[EndTime "9:24:44 PST"]
[Termination "Aradhya2000 won by resignation"]

1. e4 e5 2. Nf3 Nc6 3. Bb5 a6 4. Ba4 Nf6 5. O-O b5 6. Bb3 Bc5 7. c3 d6 8. a4 Bb7 9. d4 Bb6 10. Bg5 h6 11. Bxf6 Qxf6 12. Bd5 O-O 13. Na3 Rab8 14.
axb5 axb5 15. Nxb5 Nxd4 16. cxd4 c6 17. Nxd6 Qxd6 18.
dxe5 Qg6 19. Bb3 Qxe4 20. Re1 Qf4 21. e6 fxe6 22. Bxe6+ Kh8 23. Ra4 Qf6 24. Qb3 Bc8 25.
Rb4 Bxe6 26. Rxe6 Qf5 27. Re5 Bxf2+ 28. Kxf2 Qxe5 29. Rxb8 Qxb8 30. Qc3 Qxh2 31. Qxc6 Qe5 32. Qc2 Qd4+ 33. Kg3 Qd6+ 34. Kf2 Qb6+ 35. Kg3 Rb8 36. Ne5 Qb3+ 37. Qxb3 Rxb3+ 38. Kh2 Rxb2 39. Kh3 Rb3+ 40. g3 Kh7 41. Nd7 h5 42. Kh4 Kh6 43. Ne5 g5+ 44. Kh3 h4 45. Ng4+ Kg6 0-1

[Event "Early-Titled-Tuesday-Blitz-November-28-2023"]
[Site "Chess.com"]
[Date "2023.11.28"]
[Round "7"]
[White "DuleMudule"]
[Black "GP9isback23"]
[Result "1-0"]
[WhiteElo "2819"]
[BlackElo "2620"]
[TimeControl "180+1"]
[EndTime "9:24:44 PST"]
[Termination "DuleMudule won on time"]

1. d4 Nf6 2. Bg5 Ne4 3. h4 d5 4. Nd2 Nxd2 5. Qxd2 h6 6. Bf4 e6 7. e3 Bd6 8. Bd3 Nd7 9. Nf3 a6 10. O-O-O Qe7 11. e4 c6 12. exd5 cxd5 13. Rde1 b5 14. Kb1 Bb7 15. g3 Rc8 16. g4 Nb6 17. Bxd6 Qxd6 18.
b3 Nc4 19. bxc4 dxc4 20. Be4 c3 21. Qc1 Bxe4 22. Rxe4 Rc4 23. Ka1 Rb4 24. Qe3 Ra4 25. Qxc3 Qd5 26. Qc8+ Ke7 27. Qc7+ Ke8 28. Kb2 Qxa2+ 29.
Kc1 Qa1+ 30. Kd2 Qxh1 31. Ne5 1-0

[Event "Early-Titled-Tuesday-Blitz-November-28-2023"]
[Site "Chess.com"]
[Date "2023.11.28"]
[Round "7"]
[White "CraiggoryC"]
[Black "Flaccidmoves"]
[Result "0-1"]
[WhiteElo "2192"]
[BlackElo "2395"]
[TimeControl "180+1"]
[EndTime "9:24:44 PST"]
[Termination "Flaccidmoves won on time"]

1. e4 e5 2. Nf3 Nc6 3. Bc4 Bc5 4. d3 Nf6 5. O-O O-O 6. c3 d6 7. Nbd2 Be6 8. Bb3 Qd7 9. Nc4 b5 10. Ne3 Bb6 11. Nd5 Bxd5 12. exd5 Ne7 13. c4 bxc4 14. dxc4 Nf5 15. Bc2 e4 16. Ng5 Qe7 17.
Kh1 h6 18. Nh3 Qe5 19. Re1 Rfe8 20. Rb1 e3 21. fxe3 Ne4 22. Qd3 Re7 23. Rf1 Rae8 24.
Qxe4 Qxe4 25. Bxe4 Rxe4 26. Rxf5 Rxc4 27. b3 Rc2 28. Bb2 Rxe3 29. Ba3 Ree2 0-1

[Event "Early-Titled-Tuesday-Blitz-November-28-2023"]
[Site "Chess.com"]
[Date "2023.11.28"]
[Round "7"]
[White "pinguino120"]
[Black "HalfIsCrayfish"]
[Result "1-0"]
[WhiteElo "2310"]
[BlackElo "2589"]
[TimeControl "180+1"]
[EndTime "9:24:46 PST"]
[Termination "pinguino120 won on time"]

1. e4 c5 2. Nf3 Nc6 3. Bb5 e6 4. O-O Nge7 5. Re1 a6 6. Bf1 d5 7.
exd5 Nxd5 8. d4 cxd4 9. Nxd4 Bc5 10. Nxc6 bxc6 11. Nd2 Bxf2+ 12. Kxf2 Qb6+ 13. Kf3 g5 14. Nc4 g4+ 15. Ke2 Qc5 16. Ne3 Nf4+ 17. Kf2 g3+ 18. hxg3 Nh5 19. Qf3 Rg8 20. b4 Qc3 21. Bb2 Qxb2 22.
Qxc6+ Kf8 23. Qxa8 Rxg3 24. Qxc8+ Kg7 25. Qc4 Rxe3 26. Rxe3 Qxa1 27. Rf3 1-0

[Event "Early-Titled-Tuesday-Blitz-November-28-2023"]
[Site "Chess.com"]
[Date "2023.11.28"]
[Round "7"]
[White "Nitzan_Steinberg"]
[Black "Agibileg"]
[Result "1-0"]
[WhiteElo "2896"]
[BlackElo "2658"]
[TimeControl "180+1"]
[EndTime "9:24:47 PST"]
[Termination "Nitzan_Steinberg won by checkmate"]

1. Nf3 Nf6 2. g3 g6 3. Bg2 Bg7 4. O-O O-O 5. d4 a5 6. c4 a4 7.
Nc3 a3 8. bxa3 Nc6 9. e3 Na5 10. Nd2 h5 11. h3 h4 12. g4 d6 13. Rb1 e5 14. a4 exd4 15. exd4 Nxg4 16. hxg4 Bxd4 17. Nde4 Be5 18. Nd5 h3 19. Bg5 f6 20.
Nexf6+ Rxf6 21. Re1 Rxf2 22. Bxd8 Rxg2+ 23. Kf1 Bxg4 24. Qd3 Rxd8 25. Qxg6+ Kf8 26. Qh6+ Ke8 27. Nf6+ Ke7 28.
Qg7+ Ke6 29. Nxg4 Rd7 30. Qf6# 1-0

[Event "Early-Titled-Tuesday-Blitz-November-28-2023"]
[Site "Chess.com"]
[Date "2023.11.28"]
[Round "7"]
[White "jcibarra"]
[Black "Hikaru"]
[Result "0-1"]
[WhiteElo "2906"]
[BlackElo "3216"]
[TimeControl "180+1"]
[EndTime "9:24:49 PST"]
[Termination "Hikaru won by resignation"]

1. e4 e6 2. d4 d5 3. Nc3 Nf6 4. Bg5 Bb4 5. Ne2 dxe4 6. a3 Be7 7. Bxf6 gxf6 8. Nxe4 b6 9. g3 f5 10. N4c3 Bb7 11.
d5 Nd7 12. Bg2 e5 13. O-O Nf6 14. Qd3 Qd7 15. Rad1 h5 16. Bh3 Ng4 17. f3 Nh6 18. Qc4 O-O-O 19. b4 Kb8 20. f4 Bf6 21. fxe5 Bxe5 22.
Nd4 h4 23. Nc6+ Bxc6 24. dxc6 Qe6 25. Qa6 Qc8 26. Qxc8+ Rxc8 27. Nd5 hxg3 28. hxg3 Rcg8 29. Rf3 Bxg3 30. Kf1 Bd6 31. Ke2 Ng4 32. Kd2 Ne5 33. Rc3 Rg5 34. Kc1 b5 35. Bf1 a6 36. a4 Rg1 37.
axb5 Rhh1 38. Be2 Rxd1+ 39. Bxd1 axb5 40. Kd2 Nc4+ 41. Ke2 f4 42. Rf3 Nb2 43. Nxf4 Bxf4 44. Rxf4 Nxd1 45. Rxf7 Nc3+ 46. Kd3 Nd5 47. Rf5 Nxb4+ 48.
Kc3 Nxc6 49. Rxb5+ Kc8 50. Rc5 Nb8 51. Kb2 c6 52.
Rh5 0-1

[Event "Early-Titled-Tuesday-Blitz-November-28-2023"]
[Site "Chess.com"]
[Date "2023.11.28"]
[Round "7"]
[White "liczner"]
[Black "IM_ArthurDW08"]
[Result "0-1"]
[WhiteElo "2883"]
[BlackElo "2800"]
[TimeControl "180+1"]
[EndTime "9:24:49 PST"]
[Termination "IM_ArthurDW08 won by resignation"]

1. e4 c5 2. Nf3 Nc6 3. d4 cxd4 4. Nxd4 e5 5. Nb5 d6 6. N1c3 a6 7. Na3 Be6 8. Nc4 Rb8 9. Ne3 Nf6 10. g3 h5 11. h3 g6 12. Bg2 Bh6 13. O-O O-O 14.
Ncd5 Bxd5 15. Nxd5 Bxc1 16. Rxc1 Nxd5 17. Qxd5 h4 18.
g4 Qf6 19. Rcd1 Nd4 20. Rd2 Rfd8 21. Rfd1 Ne6 22. Qb3 Ng5 23. Qa3 Rbc8 24. c3 Rc6 25. Qb3 Rd7 26. Qc2 Ne6 27. Qd3 Nf4 28. Qe3 Kg7 29. Bf1 Qe6 30. b3 d5 31. Bc4 dxc4 32. Rxd7 cxb3 33. axb3 Rxc3 34. Qxc3 Ne2+ 35. Kf1 Nxc3 36.
R1d3 Nxe4 37. Rxb7 Nc5 0-1

[Event "Early-Titled-Tuesday-Blitz-November-28-2023"]
[Site "Chess.com"]
[Date "2023.11.28"]
[Round "7"]
[White "Ramla2020"]
[Black "GMthekingindian"]
[Result "1-0"]
[WhiteElo "2543"]
[BlackElo "2312"]
[TimeControl "180+1"]
[EndTime "9:24:49 PST"]
[Termination "Ramla2020 won by resignation"]

1. c4 e5 2. g3 Nc6 3. Bg2 Nf6 4.
Nc3 g6 5. e3 Bg7 6. d4 exd4 7.
exd4 O-O 8. Nge2 Re8 9. O-O h6 10. h3 d6 11. Be3 Bf5 12. g4 Be4 13. f3 Bf5 14. Qd2 Bd7 15. Bxh6 Bh8 16. Bg5 Qc8 17. Nf4 Nh7 18. Nfe2 Nxg5 19. Qxg5 Nxd4 20. Nf4 Qd8 21.
Qxd8 Raxd8 22. Rad1 Be6 23. Nxe6 Rxe6 24. Rd2 Rde8 25.
Kf2 c6 26. Rfd1 c5 27. f4 b6 28. Bd5 Re3 29. Bg2 Bf6 30. g5 Bg7 31. Nd5 Re2+ 32. Kg1 Rxd2 33. Rxd2 Re2 34. Rxe2 Nxe2+ 35. Kf2 Nc1 36. b3 Nxa2 37. Ne7+ Kf8 38. Nc6 Nc1 39. Nxa7 Nxb3 40. Nc8 Nd2 41. Bd5 f6 42. Nxd6 fxg5 43. fxg5 Nb1 44. Nc8 Nc3 45. Nxb6 Nxd5 46. Nxd5 Kf7 47.
Kf3 Ke6 48. Ke4 Bf8 49. Nf4+ Kf7 50. Kd5 Be7 51. Ne6 Ke8 52. h4 Kd7 53. Nxc5+ Kc7 54. Ne6+ Kd7 55. Nf4 Bd6 56. Nxg6 Bg3 57. h5 Ke8 58. Ne5 Kf8 59. Ke6 1-0

[Event "Early-Titled-Tuesday-Blitz-November-28-2023"]
[Site "Chess.com"]
[Date "2023.11.28"]
[Round "7"]
[White "whitemirrorninja"]
[Black "Ziyamammadov"]
[Result "1-0"]
[WhiteElo "2509"]
[BlackElo "1903"]
[TimeControl "180+1"]
[EndTime "9:24:50 PST"]
[Termination "whitemirrorninja won on time"]

1. c4 Nf6 2. Nc3 d6 3. g3 g6 4. Bg2 Bg7 5. d4 Nbd7 6. Nf3 O-O 7. O-O c5 8. b3 cxd4 9. Nxd4 Nc5 10. Bb2 a6 11. Rc1 Qc7 12. b4 Ne6 13. Nd5 Qd8 14. Nxe6 Bxe6 15. Nxf6+ Bxf6 16. Bxf6 exf6 17. a4 Qb6 18.
Qd2 Rac8 19. a5 Qc7 20. Rfd1 Rfd8 21. Qd4 Qe7 22. e3 f5 23. h4 Rc7 24. h5 gxh5 25. Bf3 Rdc8 26. Qxd6 Qxd6 27. Rxd6 Rxc4 28. Rxc4 Rxc4 29.
Rb6 Rc1+ 30. Kg2 Bc4 31. Bxh5 Bb5 32. Bf3 Bc6 33. Bxc6 Rxc6 34. Rxb7 Kf8 35. Kf3 Ke8 36. Kf4 f6 37. Kxf5 Rc2 38. f4 Rc6 39. e4 Kd8 40. Rb6 Rc4 41. g4 1-0

[Event "Early-Titled-Tuesday-Blitz-November-28-2023"]
[Site "Chess.com"]
[Date "2023.11.28"]
[Round "7"]
[White "Akylbek2021"]
[Black "Kostukov_Alex"]
[Result "0-1"]
[WhiteElo "2226"]
[BlackElo "2409"]
[TimeControl "180+1"]
[EndTime "9:24:51 PST"]
[Termination "Kostukov_Alex won on time"]

1. c4 c5 2. Nf3 Nf6 3. Nc3 g6 4. g3 Bg7 5. Bg2 O-O 6. d4 cxd4 7. Nxd4 Nc6 8. Nxc6 dxc6 9. O-O Be6 10. b3 Qa5 11. Bb2 Qh5 12. Ne4 Ng4 13. h3 Bxb2 14. hxg4 Bxg4 15.
f3 Be6 16. Rb1 Rad8 17. Qe1 Bd4+ 18. e3 Bg7 19. g4 Qe5 20. f4 Qc7 21. f5 Bc8 22. Qh4 Qe5 23. Rbe1 gxf5 24. gxf5 Bxf5 25. Ng5 Bg6 26. Rf4 Bf6 27. Rg4 h5 28. Rg3 Rd2 29. Rf1 Bxg5 30. Rxg5 Qxe3+ 31. Kh1 Kg7 32. Qxh5 Rh8 33.
Rxg6+ fxg6 34. Rf7+ Kxf7 35. Qxh8 Rd1+ 36. Kh2 Qf4+ 37.
Kh3 Rd3+ 0-1

[Event "Early-Titled-Tuesday-Blitz-November-28-2023"]
[Site "Chess.com"]
[Date "2023.11.28"]
[Round "7"]
[White "Zainullina_Nataliya"]
[Black "ammarzooqi"]
[Result "1-0"]
[WhiteElo "2211"]
[BlackElo "2325"]
[TimeControl "180+1"]
[EndTime "9:24:51 PST"]
[Termination "Zainullina_Nataliya won by resignation"]

1. Nf3 Nf6 2. b3 g6 3. Bb2 Bg7 4. e3 d5 5. Be2 O-O 6. c4 c5 7. O-O Nc6 8. cxd5 Nxd5 9. Bxg7 Kxg7 10. d4 cxd4 11. Nxd4 Nxd4 12. Qxd4+ Nf6 13. Rd1 Bf5 14. Nc3 Rc8 15. Qxa7 Qc7 16. Nb5 Qc2 17. Nd4 Qc7 18. Nxf5+ gxf5 19. Bf3 b5 20. Qxc7 Rxc7 21. a4 b4 22. a5 Ra7 23. a6 Ne4 24. Bxe4 fxe4 25. Rd4 Rc8 26. g3 Rc6 27. Rxb4 Rcxa6 28. Rxa6 Rxa6 29.
Rxe4 Ra2 30. Rxe7 Rb2 31. Rb7 Kg6 32. Kg2 f5 33. h3 Kg5 34. Kf3 h6 35. b4 Rb3 36. b5 Rb4 37. b6 Kh5 38. Rb8 Rb5 39. b7 Rb6 40. Kf4 Rb5 41. g4+ fxg4 42. hxg4+ Kh4 43.
Rh8 Rb4+ 44. e4 1-0

[Event "Early-Titled-Tuesday-Blitz-November-28-2023"]
[Site "Chess.com"]
[Date "2023.11.28"]
[Round "7"]
[White "Nancy11111"]
[Black "copanchess"]
[Result "1-0"]
[WhiteElo "2291"]
[BlackElo "2175"]
[TimeControl "180+1"]
[EndTime "9:24:51 PST"]
[Termination "Nancy11111 won on time"]

1. d4 Nf6 2. c4 e6 3. Nf3 d5 4.
Nc3 Be7 5. g3 Nbd7 6. Bg2 O-O 7.
O-O c6 8. b3 b6 9. Bb2 Bb7 10.
Ne5 Nxe5 11. dxe5 Nd7 12. cxd5 cxd5 13. Nb5 Ba6 14. Nd4 Nxe5 15. Nxe6 fxe6 16. Bxe5 Bf6 17. Qd4 Bxe5 18. Qxe5 Qf6 19. Qxf6 gxf6 20. Rfe1 Rac8 21. e3 Rc2 22. Rec1 Rfc8 23. Rxc2 Rxc2 24. Bf3 Kf7 25. a4 Bb7 26. a5 b5 27. a6 Bc6 28. Kf1 e5 29. Bd1 Rb2 30. Rc1 Bd7 31. Rc7 Ke8 32. Bh5+ Kd8 33. Rxa7 b4 34. Rb7 Bc8 35. Rb8 Kc7 36. a7 Bb7 37. a8=Q Bxa8 38. Rxa8 Rxb3 39. Ra7+ Kb6 40. Rxh7 Rb1+ 41. Kg2 b3 42. Rh6 b2 43. Rxf6+ Kc5 44. Bg6 e4 45. Rf8 Rg1+ 46. Kxg1 b1=Q+ 47. Kg2 Qb2 48. Rf4 Qe5 49. h4 Kd6 50. h5 Ke7 51. h6 Qh8 52. h7 Ke6 53. Rg4 Ke5 54. f3 1-0

[Event "Early-Titled-Tuesday-Blitz-November-28-2023"]
[Site "Chess.com"]
[Date "2023.11.28"]
[Round "7"]
[White "viktorgen2021"]
[Black "jk13"]
[Result "0-1"]
[WhiteElo "2466"]
[BlackElo "2620"]
[TimeControl "180+1"]
[EndTime "9:24:54 PST"]
[Termination "jk13 won on time"]

1. d4 Nf6 2. Nf3 e6 3. g3 d5 4. Bg2 b5 5. O-O Nbd7 6. a4 b4 7. c3 bxc3 8. bxc3 Be7 9. Ba3 O-O 10. a5 Ba6 11. Bxe7 Qxe7 12. Re1 Rab8 13. Nfd2 c5 14.
e4 dxe4 15. Nxe4 cxd4 16. cxd4 Nxe4 17. Bxe4 Nf6 18. Bf3 Qb4 19. Ra4 Qb2 20. Nd2 Bb5 21. Ra1 Qxd4 22. Nb3 Qb4 23. Rb1 Ba4 24. Re3 Rfd8 25.
Qc2 Qxa5 26. Nxa5 Bxc2 27. Rc1 Ba4 28. Ra3 Bb5 29. Nb7 Rd3 30. Rxd3 Bxd3 31. Ra1 Rc8 32. Nd6 Rb8 33. h3 a6 34. Nb7 g5 35. Nc5 Bc4 36.
Nxa6 Rb3 37. Bg2 Rb5 38. Nc7 Rc5 39. Na6 Rb5 40. Nc7 Rb2 41. Na6 Rc2 42. Nc5 Kg7 0-1

[Event "Early-Titled-Tuesday-Blitz-November-28-2023"]
[Site "Chess.com"]
[Date "2023.11.28"]
[Round "7"]
[White "maurovargas01"]
[Black "campochess"]
[Result "0-1"]
[WhiteElo "1852"]
[BlackElo "2228"]
[TimeControl "180+1"]
[EndTime "9:24:54 PST"]
[Termination "campochess won on time"]

1. e4 c5 2. Nf3 Nc6 3. d4 cxd4 4. Nxd4 Qb6 5. c3 Nf6 6. f3 d6 7. Bc4 g6 8. O-O Bg7 9. Kh1 O-O 10. Bb3 a6 11. Be3 Qc7 12. Nd2 Bd7 13. Qe1 Na5 14. Bc2 b5 15. Rc1 Nc4 16. Nxc4 bxc4 17. Qh4 Rab8 18.
b3 e5 19. Ne2 Qa5 20. Bg5 Nh5 21. g4 Nf4 22. Nxf4 exf4 23. Bxf4 Qxc3 24. Bxd6 Qb2 25.
Bxb8 Rxb8 26. bxc4 Qxa2 27. Bd3 Qd2 28. Rfd1 Qf4 29.
Be2 Be6 30. c5 Rc8 31. Qg3 Qe3 32. Qe1 Be5 33. Bxa6 Qf4 34. Qg3 Qxg3 35. hxg3 Rc7 36. Rd8+ Kg7 37. c6 Bxg3 38. Bb7 Kf6 39. Rc8 Kg5 40.
Rxc7 Bxc7 41. Kg2 h5 42. Ra1 Kf4 43. Kf2 h4 44. Ra7 h3 45. Ba6 Bb6+ 0-1

[Event "Early-Titled-Tuesday-Blitz-November-28-2023"]
[Site "Chess.com"]
[Date "2023.11.28"]
[Round "7"]
[White "Ajedrez_con_German"]
[Black "tacticthunder"]
[Result "1-0"]
[WhiteElo "2631"]
[BlackElo "2771"]
[TimeControl "180+1"]
[EndTime "9:24:55 PST"]
[Termination "Ajedrez_con_German won by checkmate"]

1. e4 c5 2. f4 e6 3. Nf3 d5 4.
Bb5+ Bd7 5. Bxd7+ Nxd7 6. exd5 exd5 7. O-O Be7 8. d4 Ngf6 9. c3 O-O 10. Nbd2 Re8 11.
Ne5 Ne4 12. Nxe4 dxe4 13. Be3 cxd4 14. Bxd4 Nxe5 15. fxe5 Qd5 16. Qb3 Rad8 17. Qxd5 Rxd5 18. Rae1 Bc5 19. Rxe4 Rexe5 20. Rxe5 Rxe5 21. Bxc5 Rxc5 22. Rd1 g6 23. Rd7 Rb5 24. b3 Ra5 25. a4 b5 26.
Rd5 a6 27. Kf2 Kf8 28. Ke3 Ke7 29. axb5 axb5 30. c4 Ra2 31. Rxb5 Rxg2 32. Rb7+ Ke6 33. Kd4 Rxh2 34. b4 h5 35. c5 h4 36. Rb8 h3 37. c6 Rc2 38. b5 g5 39. Re8+ Kf5 40.
Rh8 g4 41. Kd5 h2 42. b6 g3 43. b7 g2 44. b8=Q h1=Q 45. Qe5+ Kg6 46. Rg8+ Kh6 47. Qh8# 1-0

[Event "Early-Titled-Tuesday-Blitz-November-28-2023"]
[Site "Chess.com"]
[Date "2023.11.28"]
[Round "7"]
[White "tetrix83"]
[Black "Aygehovit1992"]
[Result "0-1"]
[WhiteElo "2533"]
[BlackElo "2720"]
[TimeControl "180+1"]
[EndTime "9:24:56 PST"]
[Termination "Aygehovit1992 won on time"]

1. e4 c5 2. Nf3 e6 3. g3 Nc6 4.
Bg2 Nf6 5. d3 d6 6. O-O Be7 7.
c3 O-O 8. Re1 Bd7 9. Nbd2 Rc8 10. a4 a6 11. Nc4 b5 12. axb5 axb5 13. Ne3 Qc7 14. h3 Ra8 15. Rxa8 Rxa8 16. g4 b4 17. c4 Ra2 18. g5 Ne8 19. Ng4 e5 20.
Ne3 Qd8 21. Nd5 Nc7 22. Nxc7 Qxc7 23. Nh2 Nd4 24. Ng4 b3 25. h4 Ra1 26. Ne3 Qa5 27. Bd2 Rxd1 28. Bxa5 Rxd3 29. Nd5 Bf8 30. Kf1 Bg4 31.
Ne3 Be6 32. Rc1 h6 33. Ke1 hxg5 34. Bf1 Rxe3+ 35. fxe3 Nf3+ 0-1

[Event "Early-Titled-Tuesday-Blitz-November-28-2023"]
[Site "Chess.com"]
[Date "2023.11.28"]
[Round "7"]
[White "dropstoneDP"]
[Black "Rakhmanov_Aleksandr"]
[Result "1/2-1/2"]
[WhiteElo "2960"]
[BlackElo "2846"]
[TimeControl "180+1"]
[EndTime "9:24:57 PST"]
[Termination "Game drawn by repetition"]

1. e4 c5 2. Nf3 Nf6 3. e5 Nd5 4. d4 cxd4 5. Qxd4 e6 6. a3 Nc6 7.
Qd1 d6 8. c4 Nde7 9. exd6 Ng6 10. c5 b6 11. Bb5 Bd7 12. Bg5 f6 13. Be3 bxc5 14. Bxc5 Rb8 15. Bxc6 Bxc6 16. b4 Bxf3 17. Qxf3 Bxd6 18. Qc6+ Ke7 19. Nc3 Ne5 20. Bxd6+ Qxd6 21. Qxd6+ Kxd6 22. Ke2 Rhc8 23. Rac1 Rc4 24. Rhd1+ Ke7 25. Na4 a5 26. Rxc4 Nxc4 27. Nc5 Nd6 28. bxa5 Rb5 29. Rc1 Rxa5 30. a4 f5 31. f4 h6 32. Kd3 g5 33. g3 gxf4 34. gxf4 Ne4 35. Nxe4 fxe4+ 36.
Kxe4 Rxa4+ 37. Kf3 Ra5 38. Kg4 Kf6 39. Rc3 Kg6 40.
Re3 Kf6 41. Rh3 Kg6 42. Re3 Kf6 43. Rh3 Kg6 44. Re3 1/2-1/2

[Event "Early-Titled-Tuesday-Blitz-November-28-2023"]
[Site "Chess.com"]
[Date "2023.11.28"]
[Round "7"]
[White "vugarrasulov"]
[Black "Pendos666"]
[Result "1/2-1/2"]
[WhiteElo "2917"]
[BlackElo "2807"]
[TimeControl "180+1"]
[EndTime "9:24:58 PST"]
[Termination "Game drawn - insufficient material"]

1. c4 c5 2. Nc3 g6 3. e3 Bg7 4. d4 Nf6 5. d5 O-O 6. g3 e6 7. Bg2 exd5 8. cxd5 d6 9. Nge2 Nbd7 10. O-O a6 11. a4 Rb8 12. a5 Re8 13. e4 b5 14.
axb6 Rxb6 15. Qc2 Qc7 16. h3 a5 17. Rxa5 Rxb2 18. Bxb2 Qxa5 19. Ra1 Qb6 20. g4 Ne5 21.
Na4 Qb5 22. Ng3 Qd3 23. Qxd3 Nxd3 24. Bc3 Nd7 25. Bxg7 Kxg7 26. Nc3 Nb6 27. Bf1 Nf4 28. Kh2 f5 29. Rb1 Nd7 30. gxf5 Ne5 31. Rb8 Kf7 32. Nb5 Ke7 33. f6+ Kd7 34. Na7 Kc7 35. Ra8 Kb7 36.
Rxc8 Rxc8 37. Ba6+ Kxa7 38. Bxc8 c4 39. Nf1 Kb6 40.
Be6 g5 41. f7 Nfg6 42. Bf5 Nf8 43. Ne3 Kc5 44. Be6 Kd4 45. Nf5+ Kxe4 46. Nxd6+ Kf3 47. Nb5 c3 48. Nxc3 Kxf2 49. Bf5 h5 50. Ne4+ Ke3 51. Nxg5 Kf4 52. Ne6+ Kxf5 53. Nxf8 Nxf7 54. Nd7 Ke4 55. Nf6+ Ke5 56. Nxh5 Kxd5 57. Kg3 Ke5 58. Kg4 Ke6 59.
h4 Ne5+ 60. Kg5 Nf3+ 61. Kg4 Nxh4 1/2-1/2

[Event "Early-Titled-Tuesday-Blitz-November-28-2023"]
[Site "Chess.com"]
[Date "2023.11.28"]
[Round "7"]
[White "kai_nov"]
[Black "IsaqueGoncalvesSanto"]
[Result "1-0"]
[WhiteElo "2237"]
[BlackElo "1905"]
[TimeControl "180+1"]
[EndTime "9:24:58 PST"]
[Termination "kai_nov won on time"]

1. d4 e6 2. Nc3 d5 3. Nf3 Nf6 4. Bg5 Be7 5. Bxf6 Bxf6 6. e4 O-O 7. e5 Be7 8. Bd3 f5 9. exf6 Bxf6 10. Qe2 c5 11.
dxc5 Qa5 12. O-O Qxc5 13. Nd1 Nc6 14. c3 Bd7 15. b4 Qd6 16. Qc2 Nxb4 17. Bxh7+ Kh8 18.
Qg6 Be8 19. Qb1 Nc6 20. Bg6 Bd7 21. Qd3 Qf4 22. Ne3 Rac8 23. Rab1 b6 24. Rfc1 Na5 25. Rb4 Nc4 26. Rc2 a5 27. Rb1 Nxe3 28. fxe3 Qh6 29. Rxb6 1-0